[Event "FRA-ch Youth U12 2018"]
[Site "Agen"]
[Date "2018.04.16"]
[Round "3"]
[White "Bat, Bilguun"]
[Black "Beurois, Alexandre"]
[Result "1-0"]
[ECO "D02"]
[WhiteElo "1951"]
[BlackElo "1604"]
[Annotator "NA RC"]
[PlyCount "117"]
[EventDate "2018.??.??"]
[EventType "swiss"]
[EventCountry "FRA"]
[SourceTitle "playchess.com"]
[Source "ChessBase"]
[SourceQuality "1"]
[TimeControl "5400+30"]

1. d4 d5 2. Nf3 e6 3. e3 c6 4. Bd3 f5 5. O-O Nf6 6. b3 Bd6 7. Bb2 O-O 8. Nbd2 Nbd7 9. c4 Ne4 10. Ne5 {[%emt 0:00:37] D30: Queen's Gambit Declined: Systems without Nc3} Qf6 (10... Nxe5 11. dxe5 Bb4 12. Nf3 Bd7 13. a3 Ba5 14. Qe2 Qe7 15. b4 Bc7 16. Ne1 a5 17. Nc2 Ra7 {1-0 (46) Bindrich,F (2604)-Bayer,B (2411) Austria 2018}) 11. f4 g5 12. Bxe4 fxe4 $146 ({Predecessor:} 12... dxe4 13. c5 Bc7 14. Qh5 gxf4 15. Nxe4 Qe7 16. Nd6 Nxe5 17. dxe5 fxe3 {1-0 (32) Polatel,A (2154)-Sahin,O (2106) Konya 2015}) 13. Qg4 Be7 $2 (13... Qf5 $16) 14. fxg5 Nxe5 15. dxe5 Qxg5 16. Rxf8+ Kxf8 17. Qh3 Kg7 18. Rd1 Bc5 19. Bd4 Bb4 (19... Be7 $11) 20. Nf1 Bd7 21. cxd5 cxd5 22. Rc1 Rc8 23. Rxc8 Bxc8 24. Bxa7 Qh6 25. Qg4+ Qg6 26. Qh4 Bd7 27. Bd4 Bb5 $16 28. Ng3 Bd3 $2 (28... Kf7 $16 {is more resistant.}) 29. Nh5+ Kf7 30. Nf4 Qg7 31. Qd8 Be7 32. Qd7 Qg4 33. h3 Qf5 34. Bc5 Qg5 35. Qxe6+ Kf8 36. Qxd5 Ke8 37. Bxe7 Qxe7 38. Qg8+ Kd7 39. e6+ Kd6 40. Qb8+ Kc6 41. Qc8+ Kd6 42. Qd7+ Qxd7 43. exd7 Kxd7 44. Nxd3 exd3 45. Kf2 Kd6 46. e4 Ke5 47. Ke3 d2 48. Kxd2 Kxe4 49. a4 h5 50. g4 h4 51. b4 Kf4 52. b5 Kg3 53. g5 Kxh3 54. g6 Kh2 55. g7 b6 56. g8=Q h3 57. Ke2 Kh1 58. Kf2 h2 59. Qd5# 1-0

[Event "FRA-ch Youth U12 2018"]
[Site "Agen"]
[Date "2018.04.16"]
[Round "3"]
[White "Cornileau, Juliette"]
[Black "Gagua, Nani"]
[Result "1-0"]
[ECO "B23"]
[WhiteElo "1654"]
[BlackElo "1335"]
[Annotator "NA RC"]
[PlyCount "93"]
[EventDate "2018.??.??"]
[EventType "swiss"]
[EventCountry "FRA"]
[SourceTitle "playchess.com"]
[Source "ChessBase"]
[SourceQuality "1"]
[TimeControl "5400+30"]

1. e4 c5 2. Nc3 d6 3. Bb5+ Bd7 4. Bxd7+ Nxd7 5. f4 Ngf6 6. d3 Nb6 7. Nf3 d5 8. e5 Nfd7 9. Qe2 e6 10. O-O Be7 11. Ne1 Qc8 12. Qg4 O-O 13. Nf3 f5 14. Qg3 d4 15. Ne2 Nd5 16. a3 b5 17. c3 dxc3 18. Nxc3 Nxc3 19. bxc3 Nb6 20. d4 Nd5 21. Bd2 c4 22. Ne1 Qd8 23. Nc2 Qa5 24. Nb4 Bxb4 25. axb4 Qd8 26. Ra6 Nb6 27. Rfa1 Rf7 28. Qf3 Qc8 29. Rxb6 Rb8 30. Rxb8 Qxb8 31. Qc6 Re7 32. Ra5 Qb7 33. Qxb5 Qb6 34. Qxc4 Rc7 35. Qa6 Kf7 36. Qxb6 axb6 37. Ra6 Rb7 38. c4 Ke7 39. Kf2 Kd7 40. Ke3 Kc6 41. b5+ Kd7 42. d5 g6 43. d6 h6 44. Kd3 g5 45. fxg5 hxg5 46. Bxg5 Ke8 47. Be3 1-0

[Event "FRA-ch Youth U12 2018"]
[Site "Agen"]
[Date "2018.04.16"]
[Round "3"]
[White "Auffray-Bonnet, Gaspard"]
[Black "Droin, Augustin"]
[Result "0-1"]
[ECO "B50"]
[WhiteElo "1624"]
[BlackElo "1975"]
[Annotator "NA RC"]
[PlyCount "61"]
[EventDate "2018.??.??"]
[EventType "swiss"]
[EventCountry "FRA"]
[SourceTitle "playchess.com"]
[Source "ChessBase"]
[SourceQuality "1"]
[TimeControl "5400+30"]

1. e4 c5 2. Nf3 d6 3. c3 Nf6 4. Bd3 Nc6 5. Bc2 e5 6. h3 Qc7 {[%emt 0:00:42] B50: Sicilian: 2...d6, Miscellaneous} (6... Be7 7. d4 cxd4 8. cxd4 O-O 9. Nc3 exd4 10. Nxd4 d5 11. exd5 Nxd5 12. Nxc6 bxc6 13. Nxd5 cxd5 14. O-O Bf6 {1-0 (38) Kunin,V (2592)-Ochsner,B (2417) Barcelona 2016}) 7. O-O h6 $146 ({Predecessor:} 7... Be7 8. d3 O-O 9. Na3 d5 10. Nb5 Qb6 11. a4 d4 12. Na3 Qc7 13. Bb3 a6 14. Nc4 Be6 15. cxd4 cxd4 16. Ng5 Bxc4 17. Bxc4 {1-0 (26) Kondenko,A (2325)-Pravdiuk,V (2304) Sochi 2005}) 8. Re1 Bd7 9. a4 g5 10. d4 Rg8 11. g4 h5 12. d5 Ne7 13. Nh2 Ng6 14. Na3 Nf4 15. Bxf4 gxf4 16. f3 hxg4 17. hxg4 Nh5 18. Kf2 Qd8 19. Ke2 Qh4 20. gxh5 Qxh2+ 21. Kd3 Rg3 22. Qe2 Qxh5 23. Bd1 f5 24. Kc2 $19 Qg6 25. Qc4 Rg2+ 26. Re2 fxe4 27. fxe4 f3 28. Rd2 Bh6 29. Nb1 Bxd2 30. Nxd2 Qg5 31. Qd3 0-1

[Event "FRA-ch Youth U12 2018"]
[Site "Agen"]
[Date "2018.04.16"]
[Round "3"]
[White "Diez, Agathe"]
[Black "Berezovsky, Fiorina"]
[Result "0-1"]
[ECO "B33"]
[WhiteElo "1373"]
[BlackElo "1678"]
[Annotator "NA RC"]
[PlyCount "130"]
[EventDate "2018.??.??"]
[EventType "swiss"]
[EventCountry "FRA"]
[SourceTitle "playchess.com"]
[Source "ChessBase"]
[SourceQuality "1"]
[TimeControl "5400+30"]

1. e4 c5 2. Nf3 Nc6 3. d4 cxd4 4. Nxd4 Nf6 5. Nc3 e6 6. Be3 Bb4 7. Nxc6 bxc6 8. Bd3 O-O 9. O-O d5 10. Bg5 h6 11. Bxf6 Qxf6 12. exd5 cxd5 13. Na4 e5 14. a3 Bd6 15. c4 dxc4 16. Bxc4 Bb7 17. Nc3 Rac8 18. Bd5 Bxd5 19. Nxd5 Qg6 20. Re1 Rfe8 21. Rc1 Rxc1 22. Qxc1 Qh5 23. Qd2 Bc5 24. b4 Bd4 25. Qc2 Rd8 26. Nc3 Rc8 27. Qe2 Qxe2 28. Nxe2 Rc2 29. Nxd4 exd4 30. Kf1 Kf8 31. Rd1 Rc4 32. Ke2 Rc2+ 33. Kf3 Rc3+ 34. Ke4 Rxa3 35. Rxd4 Ra2 36. Ke3 Ke7 37. Rd2 Rxd2 38. Kxd2 Kd6 39. Kc3 Kd5 40. Kd3 a6 41. f3 h5 42. g3 f6 43. h4 f5 44. Kc3 Ke5 45. Kc4 f4 46. gxf4+ Kxf4 47. Kc5 g5 48. hxg5 Kxg5 49. Kb6 h4 50. Kxa6 h3 51. b5 h2 52. b6 h1=Q 53. b7 Qa1+ 54. Kb6 Qb2+ 55. Ka7 Qa3+ 56. Kb6 Qb4+ 57. Kc6 Kf6 58. Kc7 Qc5+ 59. Kb8 Ke7 60. f4 Kd6 61. Ka8 Qa5+ 62. Kb8 Kc6 63. f5 Qxf5 64. Ka8 Qa5+ 65. Kb8 Qb6 0-1

[Event "FRA-ch Youth U12 2018"]
[Site "Agen"]
[Date "2018.04.16"]
[Round "3"]
[White "Costa, My-Lan"]
[Black "Bousmaha, Leila"]
[Result "1/2-1/2"]
[ECO "C47"]
[WhiteElo "1360"]
[BlackElo "1538"]
[Annotator "NA RC"]
[PlyCount "90"]
[EventDate "2018.??.??"]
[EventType "swiss"]
[EventCountry "FRA"]
[SourceTitle "playchess.com"]
[Source "ChessBase"]
[SourceQuality "1"]
[TimeControl "5400+30"]

1. e4 e5 2. Nf3 Nc6 3. Nc3 Nf6 4. d4 exd4 5. Nxd4 Bb4 6. Nxc6 bxc6 7. Bd3 d5 8. exd5 cxd5 9. O-O O-O 10. Bg5 c6 11. Qf3 Be7 12. Ne2 Bg4 13. Qg3 Bxe2 14. Bxe2 Ne4 15. Bxe7 Qxe7 16. Qe3 f5 17. f3 f4 18. Qd4 Nd6 19. Rfe1 Qc7 20. Bd3 Qb6 21. Qxb6 axb6 22. Re6 Rad8 23. Re7 Rfe8 24. Rae1 g6 25. Kf2 c5 26. R1e6 Rxe7 27. Rxe7 c4 28. Bf1 Nf5 29. Re6 Rd6 30. Rxd6 Nxd6 31. g4 Kf7 32. Ke2 Kf6 33. Kd2 d4 34. a4 Ke5 35. b4 Kd5 36. h3 g5 37. Be2 c3+ 38. Kc1 Nc4 39. Kb1 Ne3 40. Bd3 h6 41. Ka2 Nc4 42. Be2 Ne5 43. Kb3 Kc6 44. Bb5+ Kc7 45. Be2 Kb7 1/2-1/2

[Event "FRA-ch Youth U12 2018"]
[Site "Agen"]
[Date "2018.04.16"]
[Round "3"]
[White "Natchkebia, Valeria"]
[Black "Pentcheff, Laura"]
[Result "0-1"]
[ECO "B08"]
[WhiteElo "1300"]
[BlackElo "1512"]
[Annotator "NA RC"]
[PlyCount "34"]
[EventDate "2018.??.??"]
[EventType "swiss"]
[EventCountry "FRA"]
[SourceTitle "playchess.com"]
[Source "ChessBase"]
[SourceQuality "1"]
[TimeControl "5400+30"]

1. e4 d6 2. d4 Nf6 3. Nc3 g6 4. Nf3 Bg7 5. Bc4 O-O 6. O-O c6 7. e5 dxe5 8. dxe5 Ng4 9. Re1 b5 10. Bd3 b4 11. Na4 Qa5 12. h3 Nxe5 13. b3 Nxf3+ 14. Qxf3 Bxa1 15. Bh6 Bg7 16. Bxg7 Kxg7 17. Rxe7 Be6 0-1